 Dungeon Crawl Stone Soup version 0.29.1-12-g30fa7ad0bf (webtiles) character file.

Game seed: 15187347020425769571

5388 KittyFluff the Protected (level 10, -2/94 HPs)
             Began as a Gargoyle Berserker on Jan 12, 2023.
             Was a Priest of Trog.
             Slain by a troll (10 damage)
             ... on level 9 of the Dungeon.
             The game lasted 00:39:09 (10632 turns).

KittyFluff the Protected (Gargoyle Berserker)      Turns: 10632, Time: 00:39:09

Health: -2/94      AC: 20    Str: 22    XL:     10   Next: 66%
Magic:  10/10      EV: 13    Int:  7    God:    Trog [***...]
Gold:   478        SH:  0    Dex: 13    Spells: 9/9 levels left

rFire   . . .      SeeInvis .   J - +0 flail
rCold   . . .      Faith    .   (no shield)
rNeg    + . .      Spirit   .   n - +0 ring mail
rPois   ∞          Reflect  .   (no helmet)
rElec   +          Harm     .   k - +2 cloak
rCorr   +          Rampage  .   C - +0 pair of gloves
Will    .....                   G - +0 pair of boots
Stlth   ..........              (no amulet)
HPRegen 0.25/turn               o - ring of resist corrosion
MPRegen 0.12/turn               E - ring of flight

@: berserking, flying, very quick
A: sickness immunity, AC +7, negative energy resistance 1, electricity
resistance, torment resistance 1, petrification resistance
a: Renounce Religion, Berserk, Trog's Hand


You were on level 9 of the Dungeon.
You worshipped Trog.
Trog was most pleased with you.
You visited 1 branch of the dungeon, and saw 9 of its levels.
You also visited: Ossuary.

You collected 478 gold pieces.

Inventory:

Hand Weapons
 a - a +0 morningstar of protection
 J - a +0 flail (weapon)
Missiles
 d - 95 stones
 i - 11 boomerangs (quivered)
 w - 2 atropa-tipped darts
 z - 6 poisoned darts
 F - 3 curare-tipped darts
Armour
 k - a +2 cloak (worn)
 n - a +0 ring mail (worn)
 u - a +0 scale mail
 C - a +0 pair of gloves (worn)
 G - a +0 pair of boots (worn)
Jewellery
 o - a ring of resist corrosion (left hand)
 v - a ring of protection from fire
 E - a ring of flight (right hand)
Scrolls
 e - 2 scrolls of enchant weapon
 f - 2 scrolls of summoning {unknown}
 g - a scroll of enchant armour
 h - a scroll of fog {unknown}
 l - 8 scrolls of teleportation
 q - 4 scrolls of fear {unknown}
 y - 4 scrolls of magic mapping {unknown}
 A - 3 scrolls of torment {unknown}
 D - a scroll of silence {unknown}
 I - 2 scrolls of amnesia {unknown}
 L - 2 scrolls of noise {unknown}
 M - 2 scrolls of vulnerability {unknown}
 N - 2 scrolls of immolation {unknown}
Potions
 b - a potion of flight
 c - a potion of cancellation
 j - 4 potions of heal wounds
 m - 2 potions of invisibility
 p - 4 potions of might
 r - 4 potions of haste
 s - a potion of resistance
 t - 2 potions of attraction
 B - a potion of ambrosia {unknown}
 H - a potion of mutation {unknown}
 K - 2 potions of curing {unknown}
 O - 2 potions of lignification {unknown}


   Skills:
 + Level 7.6 Fighting
 * Level 9.6 Maces & Flails
 * Level 10.1 Armour
 + Level 5.4 Dodging


You had 9 spell levels left.
You didn't know any spells.
Your spell library was empty.

Dungeon Overview and Level Annotations

Branches:
Dungeon (9/15)             Temple (0/1) D:4         Ossuary (visited)
   Lair: D:8-11         Orc: D:9-12

Altars:
Ashenzari
Elyvilon
Gozag
Kikubaaqudgha
Makhleb
Nemelex Xobeh
Ru
Trog
Uskayaw
Wu Jian
Xom
Yredelemnul

Shops:
D:9 :


Innate Abilities, Weirdness & Mutations

You are immune to sickness and miasma.
Your stone body is resilient. (AC +7)
You are immune to poison.
You resist negative energy. (rN+)
You are resistant to electric shocks. (rElec)
You are resistant to unholy torment.
You are immune to petrification.


Message History

The troll closely misses you. The troll claws you.
You thump the troll!
The troll is moderately wounded.
The troll bites you but does no damage. The troll misses you.
The troll claws you but does no damage.
You closely miss the troll.
The troll is moderately wounded.
The troll bites you but does no damage. The troll claws you but does no damage.
The troll closely misses you.
You thump the troll!
The troll is heavily wounded.
You hit the troll.
The troll is heavily wounded.
The troll bites you! The troll claws you but does no damage.
The troll claws you.
* * * LOW HITPOINT WARNING * * *
You sock the troll!
The troll is almost dead.
The troll closely misses you. The troll claws you but does no damage.
The troll barely misses you.
You hit the troll.
The troll is almost dead.
The troll closely misses you. x2; The troll claws you but does no damage.
You hit the troll but do no damage.
The troll is almost dead.
The troll completely misses you. The troll claws you!
* * * LOW HITPOINT WARNING * * *
The troll claws you.
* * * LOW HITPOINT WARNING * * *
You barely miss the troll.
The troll is almost dead.
The troll bites you but does no damage. The troll closely misses you.
The troll claws you but does no damage.
A red film seems to cover your vision as you go berserk!
You feel yourself moving faster!
You feel mighty! The troll closely misses you.
The troll claws you but does no damage. The troll barely misses you.
You closely miss the troll.
The troll is severely wounded.
The troll misses you. The troll claws you!
You die...

#................###
#<.....∩.####....... #
##...###..# ......? #.
##### ##.###....... #.
#............ #..##
#............
#...####............
..###....#####.......#
#...?....T@......###.#
..###....#####...# #
#...#### ...## #..##
.#### #. ## #. #


You could see a troll.

Vanquished Creatures
  2 two-headed ogres (D:8)
  A troll (D:9)
  Sigmund (D:4)
  A shadow (D:8)
  6 yaks
  A wraith (Ossuary)
  An unseen horror simulacrum (D:9)
  Eustachio (D:6)
  2 wyverns
  A water moccasin (D:7)
  2 ice beasts
  An ogre (D:6)
  2 centaurs (D:8)
  The ghost of Midpoint the Grasshopper, an amateur OpWr (D:7)
  Blork the orc (D:5)
  2 bullfrogs
  2 scorpions
  3 howler monkeys
  6 hounds
  A jelly (D:8)
  Crazy Yiuf (D:2)
  6 iguanas
  2 gnoll boudas (D:7)
  5 orc priests
  Jessica (D:2)
  4 orc wizards
  A centaur simulacrum (D:9)
  A mummy (Ossuary)
  10 gnolls
  9 adders
  2 shadow imps
  A white imp (D:9)
  An ufetubus (D:6)
  20 orcs
  3 ball pythons
  2 endoplasms
  7 giant cockroaches
  8 goblins
  3 hobgoblins
  5 jackals
  6 kobolds
  A quokka (D:3)
  2 bats
  2 frilled lizards (D:1)
  7 gnoll skeletons (Ossuary)
  8 kobold skeletons (Ossuary)
  10 orc skeletons (Ossuary)
  2 rats (D:1)
168 creatures vanquished.

Notes
Turn   | Place    | Note
-------+----------+-------------------------------------------
     0 | D:1      | KittyFluff the Gargoyle Berserker began the quest for the
                  | Orb.
     0 | D:1      | Reached XP level 1. HP: 14/14 MP: 1/1
   284 | D:1      | Reached XP level 2. HP: 8/19 MP: 2/2
   624 | D:1      | Found a faded altar of an unknown god.
   999 | D:2      | Reached XP level 3. HP: 23/23 MP: 3/3
  1153 | D:2      | Found a runed translucent door.
  1154 | D:2      | Noticed Crazy Yiuf
  1163 | D:2      | Killed Crazy Yiuf
  1164 | D:2      | Reached skill level 3 in Armour
  1164 | D:2      | Reached XP level 4. HP: 23/29 MP: 4/4
  1561 | D:2      | Noticed Jessica
  1577 | D:2      | Killed Jessica
  2334 | D:3      | Reached XP level 5. HP: 29/33 MP: 5/5
  3040 | D:4      | Reached skill level 4 in Armour
  3305 | D:4      | Reached XP level 6. HP: 26/38 MP: 6/6
  3496 | D:4      | Reached ** piety under Trog
  3662 | D:4      | Found a staircase to the Ecumenical Temple.
  3824 | D:4      | Noticed Sigmund
  3846 | D:4      | Killed Sigmund
  3847 | D:4      | Reached skill level 5 in Maces & Flails
  3847 | D:4      | Reached skill level 5 in Armour
  3847 | D:4      | Reached XP level 7. HP: 24/44 MP: 7/7
  4271 | D:4      | Found a shimmering altar of Xom.
  4298 | D:5      | Entered Level 5 of the Dungeon
  5217 | D:5      | Reached skill level 5 in Fighting
  5217 | D:5      | Noticed Blork the orc
  5248 | D:5      | Killed Blork the orc
  5249 | D:5      | Reached XP level 8. HP: 28/49 MP: 8/8
  5638 | D:5      | Found an ornate altar of the Wu Jian Council.
  6070 | D:6      | Reached skill level 6 in Armour
  6248 | D:6      | Noticed Eustachio
  6315 | D:6      | Killed Eustachio
  6812 | D:6      | Reached skill level 7 in Armour
  6873 | D:6      | Found an ancient bone altar of Kikubaaqudgha.
  7052 | D:6      | Found a broken altar of Ashenzari.
  7054 | D:6      | Found a bloodstained altar of Trog.
  7054 | D:6      | Found an opulent altar of Gozag.
  7055 | D:6      | Found a hide-covered altar of Uskayaw.
  7056 | D:6      | Found a basalt altar of Yredelemnul.
  7230 | D:7      | Found a sparkling altar of Nemelex Xobeh.
  7382 | D:7      | Noticed Midpoint's ghost (amateur OpWr)
  7420 | D:7      | Found a runed translucent door.
  7468 | D:7      | Reached XP level 9. HP: 22/55 MP: 9/9
  7687 | D:7      | Found a white marble altar of Elyvilon.
  7702 | D:7      | Killed Midpoint's ghost
  7957 | D:7      | Found a burning altar of Makhleb.
  8160 | D:8      | Noticed a two-headed ogre
  8179 | D:8      | Killed a two-headed ogre
  8180 | D:8      | Reached skill level 8 in Armour
  8242 | D:8      | Found a sacrificial altar of Ru.
  8324 | D:8      | Found a sand-covered staircase.
  8396 | Ossuary  | Entered an ossuary
  8429 | Ossuary  | Reached *** piety under Trog
  9397 | D:9      | Found Ycoc's Book Boutique.
  9413 | D:9      | Reached skill level 9 in Armour
  9413 | D:9      | Reached XP level 10. HP: 28/61 MP: 10/10
  9640 | D:8      | Reached skill level 5 in Dodging
  9796 | D:9      | Noticed a two-headed ogre
  9904 | D:8      | Killed a two-headed ogre
 10454 | D:9      | Reached skill level 10 in Armour
 10632 | D:9      | Slain by a troll

Illustrated notes

Levels and vault maps discovered:
D:1:      onia_arrival_pyramid, layout_rooms,
          dreamdust_ecumenical_altar_angels_and_demons
D:2:      layout_loops_ring, uniq_crazy_yiuf_cottage, uniq_jessica
D:3:      layout_basic
D:4:      layout_loops_ring, kennysheep_little_box,
          minmay_temple_entry_large_hall, nrook_campfire, st_stairs_1,
          hangedman_abyss_or_decor_stagger, uniq_sigmund
D:5:      layout_basic, mainiacjoe_overflow_catwalk,
          amcnicky_mini_corridor_feature, uniq_blork_the_orc
D:6:      layout_rooms, general_overflow_altar, minitemple, uniq_eustachio
D:7:      layout_basic, nemelex_diamond_rough_becter,
          mainiacjoe_overflow_tiny_flanked, lightli_temple_of_fire,
          hellmonk_ghost_happy_afterlife
D:8:      kennysheep_spiral_hall, layout_cave_pools,
          mainiacjoe_overflow_alcove_1, nicolae_ossuary_entry_plus,
          nicolae_two_hexagons
D:9:      minmay_general_purpose_star, layout_rooms, serial_ice, serial_ice_j,
          serial_ice_n, serial_ice_g, serial_ice_b, serial_ice_m, serial_ice_e,
          serial_ice_f, serial_ice_d, serial_ice_c, serial_ice_o, serial_shops,
          shop

Skill      XL: |  1  2  3  4  5  6  7  8  9 10 |
---------------+-------------------------------+-----
Armour         | 3 4 5 7 9 10 | 10.1
Dodging        | 2 3 4 5 |  5.4
Fighting       | 4 5 6 7 |  7.6
Maces & Flails | 4 5 7 8 9 |  9.6

Action                   |  1- 3 |  4- 6 |  7- 9 | 10-12 || total
-------------------------+-------+-------+-------+-------++-------
Melee: Mace              |    77 |   176 |   108 |       ||   361
       Punch             |       |     4 |     9 |       ||    13
       Flail             |       |       |   345 |    84 ||   429
Throw: Stone             |       |     2 |       |       ||     2
       Boomerang         |       |       |    64 |     2 ||    66
Invok: Berserk           |     1 |     2 |     3 |     4 ||    10
  Use: Scroll            |       |     1 |    10 |       ||    11
       Potion            |       |       |     2 |       ||     2
 Stab: Sleeping          |       |     1 |       |       ||     1
Armor: Animal skin       |    19 |    14 |       |       ||    33
       Leather armour    |       |    52 |   183 |       ||   235
       Ring mail         |       |       |    33 |    70 ||   103
Dodge: Dodged            |    59 |   113 |   259 |    75 ||   506
